 Dungeon Crawl Stone Soup version 0.27-a0-1532-gca18f49f40 (webtiles) character file.

Game seed: 17072141504281877695

42 lunkers the Insei (level 3, -1/28 HPs)
             Began as a Djinni Warper on July 12, 2021.
             Slain by an orc (7 damage)
             ... on level 3 of the Dungeon.
             The game lasted 00:02:56 (2131 turns).

lunkers the Insei (Djinni Warper)                   Turns: 2131, Time: 00:02:57

Health: -1/28      AC:  6    Str: 10    XL:     3   Next: 77%
Gold:   109        EV: 10    Int: 15    God:
                   SH:  0    Dex: 12

rFire    + + .     SeeInvis .     - Unarmed
rCold    x . .     Faith    .   (no shield)
rNeg     . . .     Spirit   .   g - +0 ring mail
rPois    ∞         Reflect  .   (no helmet)
rElec    .         Harm     .   j - +0 cloak
rCorr    .         Rampage  .   (no gloves)
Will     .....                  (boots unavailable)
Stlth    ..........             (no amulet)
HPRegen  0.09/turn              (no ring)
MPRegen  0.00/turn              (no ring)

@: confused, flying
A: sickness immunity, fire resistance 2, cold vulnerability 1, float, innate
caster, hp casting, extra vitality 1
a: no special abilities


You were on level 3 of the Dungeon.
You visited 1 branch of the dungeon, and saw 3 of its levels.

You collected 109 gold pieces.

Inventory:

Missiles
 c - 5 boomerangs of dispersal
 e - 43 stones
 f - 17 poisoned darts (quivered)
Armour
 g - a +0 ring mail (worn)
 j - a +0 cloak (worn)
Jewellery
 l - a ring of see invisible
Scrolls
 i - a scroll of identify {unknown}
 k - 2 scrolls of teleportation {unknown}
Potions
 a - a potion of experience {unknown}
 d - a potion of curing
 h - a potion of might {unknown}


   Skills:
 - Level 2.0 Fighting
 - Level 0.7 Throwing
 - Level 1.0 Armour
 - Level 2.1 Dodging
 * Level 3.8 Unarmed Combat
 - Level 2.4 Spellcasting


You couldn't memorise any spells.
You knew the following spells:

 Your Spells              Type           Power      Damage    Failure   Level
b - Lesser Beckoning      Tloc           4%         N/A       52%         3
c - Gell's Gravitas       Tloc           4%         N/A       52%         3
d - Teleport Other        Tloc           9%         N/A       52%         3
e - Manifold Assault      Tloc           9%         N/A       99%         5
p - Blink                 Tloc           N/A        N/A       30%         2
q - Sting                 Tmut/Pois      36%        1d4       21%         1
Your spell library was empty.

Dungeon Overview and Level Annotations

Branches:
Dungeon (2/15)

Altars:
Hepliaklqana
Ru


Innate Abilities, Weirdness & Mutations

You are immune to sickness and miasma.
You are immune to poison.
Your flesh is very heat resistant. (rF++)
You are vulnerable to cold. (rC-)
You float through the air rather than walking.
You learn spells naturally, not from books.
Your magical power is your life essence.
You have superior vitality. (+4 HP)


Message History

You hit the orc wizard.
The orc wizard is heavily wounded.
The orc wizard points at you and mumbles some strange words.
The puff of flame misses you.
The puff of flame hits the goblin!
The goblin dies!
You barely miss the orc wizard.
The orc wizard is heavily wounded.
The orc wizard hits you with a +0 dagger.
* * * LOW HITPOINT WARNING * * *
You miss the orc wizard.
The orc wizard is heavily wounded.
The orc hits you with a +0 flail.
* * * LOW HITPOINT WARNING * * *
The orc wizard hits you but does no damage.
Sorry, you're not good enough to have a special ability.
Unknown command.
Okay, then.
It was a potion of curing.
You feel better. The orc hits you but does no damage.
The orc wizard casts a spell at you. You resist with some effort.
Unknown command.
You closely miss the orc wizard.
The orc wizard is heavily wounded.
The orc hits you with a +0 flail!
* * * LOW HITPOINT WARNING * * *
The orc wizard hits you but does no damage.
You closely miss the orc wizard.
The orc wizard is heavily wounded.
The orc closely misses you.
The orc wizard points at you and mumbles some strange words.
You are confused.
You miss the orc wizard.
The orc wizard is heavily wounded.
The orc closely misses you.
The orc wizard hits you but does no damage.
You hit the orc.
The orc is lightly wounded.
The orc hits you with a +0 flail!
You die...

#...# #.#.#
#######.#.## #
#.......#..#
#.#.......##.##
.........##..#
#####+#
#####......###.#
.......
...........#
#.###.......
#..##......#
#.o@...)....
...........#
#.o.........
#.####..####
#......###+#
....##..#
#......#
.....#.##
#......#
.....#.#
#......#
._.....#
.......#
.....#.(#
..>##+###
.....#..#


You could see an orc wizard and an orc.

Vanquished Creatures
  A worm (D:2)
  A dart slug (D:2)
  2 orcs (D:3)
  4 ball pythons
  3 endoplasms (D:1)
  3 giant cockroaches
  3 goblins
  5 hobgoblins
  A kobold (D:1)
  2 quokkas
  3 bats
  A frilled lizard (D:2)
  2 rats (D:1)
31 creatures vanquished.

Vanquished Creatures (others)
  A goblin (D:3)
1 creature vanquished.

Grand Total: 32 creatures vanquished

Notes
Turn   | Place    | Note
-------+----------+-------------------------------------------
     0 | D:1      | lunkers the Djinni Warper began the quest for the Orb.
     0 | D:1      | Reached XP level 1. HP: 18/18 MP: 0/0
   448 | D:1      | Reached XP level 2. HP: 16/23 MP: 0/0
   934 | D:1      | Reached skill level 3 in Unarmed Combat
  1050 | D:1      | Found a faded altar of an unknown god.
  1162 | D:1      | Reached XP level 3. HP: 23/28 MP: 0/0
  1162 | D:1      | Learned a level 1 spell: Sting
  2049 | D:2      | You are sucked into a shaft and drop 1 floor!
  2049 | D:3      | Found a hazy altar of Hepliaklqana.
  2101 | D:3      | Found a sacrificial altar of Ru.
  2126 | D:3      | HP: 1/28 [orc (3)]
  2131 | D:3      | Slain by an orc

Illustrated notes

Levels and vault maps discovered:
D:1:      elethiomel_arrival_infinity_welcomes_careful_drivers,
          layout_loops_ring, shapermc_ecumenical_altar_notcrosses
D:2:      layout_loops_ring, serial_shops, shop
D:3:      layout_basic, nicolae_ru_awakened_eye, old_standard_altar,
          gammafunk_ghost_gnarly_gnolls

Skill      XL: |  1  2 |
---------------+-------+-----
Unarmed Combat | 3 |  3.8
Fighting       | |  2.0
Throwing       | |  0.7
Armour         | |  1.0
Dodging        | |  2.1
Spellcasting   | |  2.4

Action                   || total
-------------------------++-------
Melee: Unarmed           ||   112
Throw: Dart              ||    34
 Cast: Sting             ||     9
  Use: Scroll            ||     1
       Potion            ||     1
Armor: Ring mail         ||    37
       Leather armour    ||     2
Dodge: Dodged            ||    53

Table legend: (Time is in decaauts)
 A = Elapsed time spent in this place.
 B = Non-inter-level travel time spent in this place.
 C = Inter-level travel time spent in this place.
 D = Time resting spent in this place.
 E = Time spent auto-exploring this place.
 F = Levels seen in this place.
 G = Mean time per level.
                   A        B        C        D        E       F      G
               +--------+--------+--------+--------+--------+-----+--------+
         Total |   2124 |   2082 |     42 |    198 |   1551 |   3 |  708.0 |
       Dungeon |   2124 |   2082 |     42 |    198 |   1551 |   3 |  708.0 |
               +--------+--------+--------+--------+--------+-----+--------+

Top non-repeatable levels by time:
     D:1: 1741 daAuts
     D:2: 303 daAuts
     D:3: 80 daAuts
